 Dungeon Crawl Stone Soup version 0.24-a0-10-gb84795d (webtiles) character file.

Game seed: 12236209842622855618

7236 ohad the Cleaver (level 11, -2/75 HPs)
             Began as a Formicid Fighter on Jan 31, 2019.
             Was an Elder of Makhleb.
             Slain by a troll (6 damage)
             ... on level 9 of the Dungeon.
             The game lasted 00:31:13 (11098 turns).

ohad the Cleaver (Formicid Fighter)                Turns: 11098, Time: 00:31:13

Health: -2/75      AC: 16    Str: 21    XL:     11   Next: 33%
Magic:  13/13      EV:  6    Int:  8    God:    Makhleb [****..]
Gold:   374        SH: 13    Dex: 13    Spells: 10/10 levels left

rFire    . . .     SeeInvis +   x - +0 battleaxe
rCold    . . .     Gourm    .   c - +1 shield
rNeg     . . .     Faith    .   s - +0 plate armour
rPois    .         Spirit   .   (helmet unavailable)
rElec    .         Reflect  .   L - +0 cloak
rCorr    .         Harm     .   (no gloves)
MR       +....                  g - +0 pair of boots
Stlth    ..........             (no amulet)
HPRegen  0.22/turn              (no ring)
MPRegen  0.13/turn              (no ring)

@: no status effects
A: permanent stasis, dig shafts and tunnels, four strong arms, antennae 3
a: Dig, Shaft Self, Minor Destruction, Lesser Servant of Makhleb, Major
Destruction, Renounce Religion


You were on level 9 of the Dungeon.
You worshipped Makhleb.
Makhleb was greatly pleased with you.
You were not hungry.

You visited 1 branch of the dungeon, and saw 9 of its levels.
You also visited: Sewer.

You collected 374 gold pieces.

Inventory:

Hand Weapons
 a - a +0 war axe
 d - a +0 fustibalus of freezing
 l - a +1 dire flail of draining
 m - a +2 whip of venom
 q - a +0 hand crossbow
 t - a cursed +4 halberd
 w - a +1 hand axe of flaming
 x - a +0 battleaxe (weapon)
 y - a +0 morningstar
 K - a +2 whip of freezing
Missiles
 n - 116 bolts
 p - 19 tomahawks (quivered)
 u - 6 javelins
 v - 4 curare-tipped needles
 M - 4 poisoned tomahawks
Armour
 b - a +0 scale mail
 c - a +1 shield (worn)
 g - a +0 pair of boots (worn)
 s - a +0 plate armour (worn)
 G - a scarf of repulsion
 L - a +0 cloak (worn)
Wands
 A - a wand of disintegration (12)
 E - a wand of random effects (7)
 H - a wand of enslavement (10)
 I - a wand of scattershot (2)
Scrolls
 j - 9 scrolls of remove curse
 C - a scroll of blinking {unknown}
 F - a scroll of magic mapping {unknown}
Potions
 e - a potion of agility
 h - 2 potions of magic
 i - 5 potions of curing
 k - 2 potions of haste
 o - a potion of brilliance
 r - 4 potions of flight
 z - a potion of berserk rage {unknown}
 B - a potion of lignification {unknown}
 J - a potion of cancellation {unknown}
Comestibles
 f - 15 rations
 D - 3 chunks of flesh


   Skills:
 - Level 3.2 Fighting
 + Level 12.7 Axes
 - Level 8.0 Armour
 - Level 10.0 Shields
 - Level 3.8 Invocations


You had 10 spell levels left.
You didn't know any spells.
Your spell library contained the following spells:

 Spells                   Type           Power        Failure   Level  Hunger
 Confusing Touch          Hex            #.....       100%        1    ##.....
 Confuse                  Hex            #.......     100%        3    ####...
 Gell's Gravitas          Tloc           #.........   100%        3    ####...
 Petrify                  Tmut/Erth      #.......     100%        4    #####..
 Metabolic Englaciation   Hex/Ice        #.........   100%        5    ######.
 Yara's Violent Unravell  Hex/Tmut       #.........   100%        5    ######.


Dungeon Overview and Level Annotations

Branches:
Dungeon (9/15)             Temple (0/1) D:4
   Lair: D:8-11         Orc: D:9-12

Altars:
Gozag
Makhleb
Ru
Jiyva

Shops:
D:8 :

Annotations:
D:3 2 transporters, hackum's ghost, amateur OgBe
D:8 3 runed translucent doors, Kenran's ghost, novice DgFi
D:9 1 runed translucent door, Erolcha; Killmatronix's ghost, novice HOMo


Innate Abilities, Weirdness & Mutations

You cannot be hasted, slowed, berserked, paralysed or teleported.
You can dig through walls and to a lower floor.
Your four strong arms can wield two-handed weapons with a shield.
You have a pair of large antennae on your head. (SInv)


Message History

The troll closely misses you. You block the troll's attack.
The troll claws you!
You slash the troll!
The troll is almost dead.
You block the troll's attack. The troll claws you.
The troll claws you but does no damage.
You closely miss the troll.
The troll is severely wounded.
The troll closely misses you. The troll claws you!
The troll claws you but does no damage.
You hit the troll.
The troll is almost dead.
The troll bites you!
* * * LOW HITPOINT WARNING * * *
You block the troll's attack. The troll claws you!
* * * LOW HITPOINT WARNING * * *
You hit the troll.
The troll is almost dead.
The troll bites you.
You die...

#.#.##...........#
#.#.#........))..#.##
#.#.#.#.######)#.#..# .#
#.#.#.#.######.####.# ######.#
#.#.#.#........# #.# #......#
#.#.#.#........# #.# #......#
#.#.#.#.......## #.# #......#
#.#.#.#........#########.....#
#.#.#.#.......OT@............#
#.#.#.#........#########.....#
#.#.#.#......<.# #.# #.....#
#.#.#..........# #.# #.....#
#.#.##'.#......# #.# #.....# #
#.#.##..######.# #.# #....<# #
..#..........+......# #'#####
# ##############...{.## #.# #
....{.# #.# #


You could see Erolcha (invisible) and a troll.

Vanquished Creatures
  Erica (D:8)
  Pikel (D:7)
  Maurice (D:8)
  Joseph (D:8)
  2 hippogriffs (D:8)
  3 hogs (D:7)
  A yak (D:7)
  A human (D:7)
  Edmund (D:4)
  2 water moccasins
  Duvessa (D:4)
  2 ice beasts (D:7)
  3 orc warriors
  2 slaves (D:7)
  A phantom (D:2)
  A black bear (D:7)
  A sky beast (D:6)
  A necrophage (D:7)
  6 ogres
  2 big kobolds (Sewer)
  6 bullfrogs
  Dowan (D:5)
  2 scorpions
  6 killer bees
  3 howler monkeys
  7 wights
  A crimson imp (D:6)
  2 bullfrog zombies
  A centaur zombie (D:5)
  6 hounds
  5 orc priests
  A gnoll shaman (D:9)
  A jelly (D:7)
  7 orc wizards
  A bullfrog skeleton (D:5)
  4 iguanas
  7 worker ants
  A killer bee zombie (D:9)
  A hound zombie (D:8)
  3 gnolls (D:9)
  12 adders
  A river rat (D:5)
  2 shadow imps
  3 oozes
  5 adder skeletons
  6 worms
  A dart slug (D:5)
  A leopard gecko (D:8)
  40 orcs
  4 ball pythons
  3 giant cockroaches
  6 goblins
  5 hobgoblins
  13 jackals
  19 kobolds
  5 quokkas
  7 bats
  7 frilled lizards
  A leopard gecko skeleton (D:7)
  7 rats
248 creatures vanquished.

Vanquished Creatures (collateral kills)
  Prince Ribbit (D:5)
1 creature vanquished.

Vanquished Creatures (others)
  An orc wizard (D:8)
1 creature vanquished.

Grand Total: 250 creatures vanquished

Notes
Turn   | Place    | Note
-------+----------+-------------------------------------------
     0 | D:1      | ohad the Formicid Fighter began the quest for the Orb.
     0 | D:1      | Reached XP level 1. HP: 18/18 MP: 1/1
   377 | D:1      | Reached XP level 2. HP: 24/24 MP: 2/2
   729 | D:1      | Reached skill level 3 in Axes
   949 | D:2      | Found a burning altar of Makhleb.
   957 | D:2      | Became a worshipper of Makhleb the Destroyer
  1091 | D:2      | Reached XP level 3. HP: 13/29 MP: 3/3
  1329 | D:2      | Noticed a phantom
  1356 | D:2      | Killed a phantom
  1356 | D:2      | Reached skill level 5 in Axes
  1356 | D:2      | Reached XP level 4. HP: 16/35 MP: 4/4
  1356 | D:2      | Reached XP level 5. HP: 19/41 MP: 5/5
  2031 | D:3      | You fall through a shaft for 3 floors!
  2039 | D:5      | Entered Level 5 of the Dungeon
  2070 | D:5      | Found a glowing drain.
  2132 | Sewer    | Entered a sewer
  2244 | Sewer    | Reached * piety under Makhleb
  2247 | Sewer    | Reached XP level 6. HP: 47/47 MP: 6/6
  2277 | Sewer    | Reached skill level 6 in Axes
  2523 | D:5      | Noticed a sky beast
  2527 | D:5      | Noticed an orc warrior
  2543 | D:6      | Killed a sky beast
  2543 | D:6      | Reached skill level 7 in Axes
  2543 | D:6      | Reached XP level 7. HP: 46/52 MP: 7/7
  2603 | D:6      | Reached ** piety under Makhleb
  2644 | D:6      | Found an opulent altar of Gozag.
  2821 | D:5      | Reached skill level 8 in Axes
  2833 | D:5      | Noticed Prince Ribbit
  3021 | D:6      | Noticed a water moccasin
  3032 | D:6      | Killed a water moccasin
  3032 | D:6      | Reached XP level 8. HP: 46/58 MP: 8/8
  3228 | D:6      | Reached skill level 9 in Axes
  3976 | D:4      | Found a staircase to the Ecumenical Temple.
  3984 | D:4      | Noticed Edmund
  3984 | D:4      | Noticed Dowan
  4007 | D:4      | You fall through a shaft!
  4214 | D:5      | Reached *** piety under Makhleb
  4223 | D:5      | Reached skill level 10 in Axes
  4414 | D:4      | Noticed Duvessa
  4449 | D:4      | Killed Duvessa
  4475 | D:5      | Killed Dowan
  4475 | D:5      | Reached XP level 9. HP: 52/64 MP: 9/9
  4887 | D:4      | Reached skill level 11 in Axes
  5241 | D:4      | Found a sacrificial altar of Ru.
  5484 | D:4      | Reached skill level 1 in Invocations
  5579 | D:4      | Killed Edmund
  5839 | D:3      | Found a transporter.
  5840 | D:3      | Found a transporter.
  5840 | D:3      | Noticed hackum's ghost (amateur OgBe)
  6285 | D:3      | Reached **** piety under Makhleb
  6872 | D:5      | Killed Prince Ribbit
  7676 | D:7      | Reached skill level 12 in Axes
  8157 | D:7      | Reached XP level 10. HP: 70/70 MP: 12/12
  8224 | D:7      | Noticed Pikel
  8286 | D:7      | Killed Pikel
  8286 | D:7      | Reached skill level 5 in Shields
  8425 | D:7      | Reached skill level 5 in Armour
  9048 | D:8      | Noticed Joseph
  9078 | D:8      | Killed Joseph
  9107 | D:8      | Noticed Erica
  9226 | D:8      | Noticed Maurice
  9520 | D:7      | Reached XP level 11. HP: 62/75 MP: 13/13
  9837 | D:8      | Killed Maurice
 10072 | D:8      | Found a runed translucent gate.
 10072 | D:8      | Found a runed translucent gate.
 10072 | D:8      | Found a runed translucent gate.
 10074 | D:8      | Found a viscous altar of Jiyva.
 10074 | D:8      | Noticed Kenran's ghost (novice DgFi)
 10136 | D:8      | Reached skill level 10 in Shields
 10233 | D:8      | Found Voffi's Book Boutique.
 10282 | D:8      | Killed Erica
 10804 | D:9      | Noticed Killmatronix's ghost (novice HOMo)
 10805 | D:9      | Found a runed translucent door.
 11066 | D:9      | Noticed Erolcha
 11098 | D:9      | Slain by a troll

Vault maps used:
D:1:      enne_arrival_octagon_isle
D:2:      bloody_makhleb
D:3:      first_ration, gammafunk_ghost_arena
D:4:      nicolae_ru_sacrificial_ziggurat, minmay_temple_entry_glass,
          uniq_edmund, uniq_duvessa
D:5:      cheibrodos_two_vegetables, portal_sewer_entry_c, uniq_prince_ribbit1
D:6:      grunt_gozag_statues
D:7:      uniq_pikel
D:8:      serial_shops, nicolae_shop_window_shopping, gammafunk_ghost_ooze,
          grunt_livestock, uniq_joseph, uniq_erica, uniq_maurice
D:9:      kennysheep_housing_project, serial_shops, shop,
          hellmonk_ghost_happy_afterlife, serial_co_window_serial,
          co_window_paths_a, co_window_corner_a, co_window_paths_a,
          co_window_paths_a, co_window_paths_b, co_window_cross_1,
          co_window_cross_1, co_window_of_opportunity_c,
          co_window_of_opportunity_c, co_window_corner_b, co_window_broadway_a,
          co_window_paths_d, glass_columns_a, glass_columns_a, glass_columns_a,
          uniq_erolcha
Sewer:    kennysheep_pipe_town

Skill      XL: |  1  2  3  4  5  6  7  8  9 10 11 |
---------------+----------------------------------+-----
Axes           | 3 5 7 8 10 12 | 12.7
Invocations    | 3 |  3.8
Armour         | 7 8 |  8.0
Shields        | 8 10 | 10.0
Fighting       | |  3.2

Action                   |  1- 3 |  4- 6 |  7- 9 | 10-12 || total
-------------------------+-------+-------+-------+-------++-------
Melee: War axe           |   102 |   110 |   197 |       ||   409
       Whip              |       |    20 |       |       ||    20
       Hand axe          |       |       |   340 |   507 ||   847
       Battleaxe         |       |       |    37 |    28 ||    65
Invok: Lesser Servant of |       |       |     1 |     2 ||     3
 Abil: Shaft Self        |       |       |     1 |       ||     1
  Use: Potion            |     1 |       |     3 |     2 ||     6
       Scroll            |       |     8 |     3 |       ||    11
  Eat: Chunk             |     2 |     4 |    19 |    10 ||    35
Armor: Scale mail        |    61 |    55 |    44 |       ||   160
       Plate armour      |       |       |   167 |   183 ||   350
Dodge: Dodged            |    34 |    39 |    71 |    68 ||   212
       Deflected         |       |       |       |     1 ||     1
Block: Shield            |    52 |    72 |   240 |   274 ||   638

Table legend:
 A = Non-vault XP
 B = Vault XP
 C = Vault XP percentage of total XP
 D = Non-vault monster count
 E = Vault monster count
 F = Vault count percentage of total count
                 A         B        C        D         E       F
            +---------+---------+-------+---------+---------+-------
      Total |    6307 |    4031 |  39.0 |     206 |      42 |  16.9
            +---------+---------+-------+---------+---------+-------
        D:1 |      19 |       0 |   0.0 |      12 |       0 |   0.0
        D:2 |     216 |       0 |   0.0 |      19 |       0 |   0.0
        D:3 |     105 |       0 |   0.0 |      18 |       0 |   0.0
        D:4 |     652 |     319 |  32.9 |      27 |       2 |   6.9
        D:5 |     711 |     261 |  26.9 |      29 |       7 |  19.4
        D:6 |     835 |       0 |   0.0 |      28 |       0 |   0.0
        D:7 |    1863 |    1700 |  47.7 |      39 |       6 |  13.3
        D:8 |    1660 |    1525 |  47.9 |      27 |       3 |  10.0
        D:9 |     246 |       0 |   0.0 |       7 |       0 |   0.0
      Sewer |       0 |     226 | 100.0 |       0 |      24 | 100.0
            +---------+---------+-------+---------+---------+-------
